 Dungeon Crawl Stone Soup version 0.30-a0-223-gcb0039aa0c (webtiles) character file.

Game seed: 7385817420213197823

584 qw the Chopper (level 7, -1/43 HPs)
             Began as a Gargoyle Fighter on Oct 9, 2022.
             Slain by an orc
             ... wielding a +0 war axe
              (6 damage)
             ... on level 5 of the Dungeon.
             The game lasted 00:01:32 (3154 turns).

qw the Chopper (Gargoyle Fighter)                   Turns: 3154, Time: 00:01:33

Health: -1/43      AC: 16    Str: 21    XL:     7   Next: 37%
Magic:  7/7        EV:  9    Int:  9    God:
Gold:   729        SH:  4    Dex:  9    Spells: 6/6 levels left

rFire   . . .      SeeInvis .    Y - +1 war axe
rCold   . . .      Faith    .    c - +0 buckler
rNeg    + . .      Spirit   .    b - +0 scale mail
rPois   inf        Reflect  .    j - +0 helmet
rElec   +          Harm     .    g - +0 cloak
rCorr   .          Rampage  .    e - +1 pair of gloves
Will    .....                    (no boots)
Stlth   ..........               (no amulet)
HPRegen 0.27/turn                (no ring)
MPRegen 0.10/turn                (no ring)

@: no status effects
A: sickness immunity, AC +4, negative energy resistance 1, electricity
resistance, torment resistance 1, petrification resistance
a: no special abilities


You were on level 5 of the Dungeon.
You visited 1 branch of the dungeon, and saw 5 of its levels.

You collected 729 gold pieces.


Innate Abilities, Weirdness & Mutations

You are immune to sickness and miasma.
Your stone body is resilient. (AC +4)
You are immune to poison.
You resist negative energy. (rN+)
You are resistant to electric shocks. (rElec)
You are resistant to unholy torment.
You are immune to petrification.


   Skills:
 - Level 4.2 Fighting
 + Level 6.1 Axes
 - Level 2.4 Throwing
 - Level 3.2 Armour
 - Level 1.0 Dodging
 - Level 3.2 Shields


You had 6 spell levels left.
You didn't know any spells.
Your spell library was empty.

Inventory:

Hand Weapons
 a - a +0 flail
 Y - a +1 war axe (weapon)
Missiles
 f - a boomerang
 k - 3 javelins (quivered)
Armour
 b - a +0 scale mail (worn)
 c - a +0 buckler (worn)
 e - a +1 pair of gloves (worn)
 g - a +0 cloak (worn)
 h - a +0 leather armour of cold resistance
 j - a +0 helmet (worn)
 m - the +5 plate armour "Yppoacudi" {-Tele rC+++ Regen+ Str-5}
   (You acquired it on level 3 of the Dungeon)

   Str:       It affects your strength (-5).
   rC:        It renders you almost immune to cold.
   -Tele:     It prevents most forms of teleportation.
   Regen:     It increases your rate of health regeneration.
Scrolls
 i - 3 scrolls of identify
Potions
 d - 2 potions of might
 l - a potion of curing
 p - 2 potions of lignification

Dungeon Overview and Level Annotations

Branches:
Dungeon (5/15)
 Temple: D:4-7

Altars:


Message History

Your unstable footing causes you to fumble your attack.
You block the gnoll's attack. The gnoll barely misses you.
The dart slug launches a dart at you. The slug dart hits you.
You slash the gnoll!
The gnoll is almost dead.
The gnoll barely misses you. x2; The gnoll hits you but does no damage.
The gnoll barely misses you.
Your unstable footing causes you to fumble your attack.
The gnoll closely misses you. The gnoll hits you but does no damage.
You hit the gnoll but do no damage.
The gnoll is almost dead.
The gnoll hits you but does no damage. You block the gnoll's attack.
The dart slug launches a dart at you. The slug dart hits you.
You slash the gnoll!
You kill the gnoll!
The gnoll hits you but does no damage. The dart slug launches a dart at you.
The slug dart hits you but does no damage.
The gnoll misses you. The dart slug launches a dart at you.
The slug dart hits you but does no damage.
The orc barely misses you. The gnoll hits you with a +0 halberd!
3149 ||| Stepping ~*~*~tactically~*~*~ (water).
The gnoll hits you but does no damage. The orc hits you with a +0 war axe.
The gnoll hits you but does no damage.
You slash the gnoll!
You kill the gnoll!
You barely miss the orc. The orc barely misses you.
You barely miss the orc. The orc closely misses you.
You closely miss the orc. You slash the orc!
You kill the orc!
You hit the orc.
The orc is heavily wounded.
The orc barely misses you. The orc hits you with a +0 war axe.
You die...

##~~~~~~~#~w~##.o
#~~~~~~[.~~go~#gg
.~~#~~8..~~~~~l# #
~w~~~~~..~~~~w~## .#
~~~~#~~(~~~~~~~~# .#
~~~~~~...~~~~~~~##..#
~~~~~~.<(~%~~~~).#.###
~~~~~~...~~~%~~~)o...#
w~~~~~~?~~##~~%~@.##.#
~~~#~#~!~~~~~~%#..#
.~#~~~..~.~#~#.#.##
##~~~~8..##~~~#..#
#~~~~#~~~w~~.....
##.~~~~~#~.#.#..#
##~~w~~.#..#... ##.
....>


You could see an iguana, a gnoll, a dart slug and 2 orcs.

Vanquished Creatures
  A black bear (D:3)
  A necrophage (D:5)
  2 jellies (D:5)
  A hound (D:5)
  3 iguanas
  Robin (D:3)
  7 gnolls
  7 adders
  An ufetubus (D:4)
  A worm (D:3)
  5 dart slugs
  5 orcs
  12 ball pythons
  8 bats
  8 endoplasms
  3 giant cockroaches
  19 goblins
  9 hobgoblins
  5 jackals
  9 kobolds
  A quokka (D:4)
  3 frilled lizards
  4 rats
116 creatures vanquished.

Notes
Turn   | Place    | Note
-------+----------+-------------------------------------------
     0 | D:1      | qw the Gargoyle Fighter began the quest for the Orb.
     0 | D:1      | Reached XP level 1. HP: 14/14 MP: 1/1
     0 | D:1      | 0 ||| qw: Version: 0.2-a-17-g06abaee
     0 | D:1      | 0 ||| qw: Game counter: 2151
     0 | D:1      | 0 ||| qw: Always use a shield: true
     0 | D:1      | 0 ||| qw: God list: Okawaru
     0 | D:1      | 0 ||| qw: Allow faded altars: false
     0 | D:1      | 0 ||| qw: Do Orc after D:15 true
     0 | D:1      | 0 ||| qw: Do second Lair branch before Depths: true
     0 | D:1      | 0 ||| qw: Lair rune preference: random
     0 | D:1      | 0 ||| qw: Plans: Normal, Zot:1-4, God:TSO, Crypt, Tomb,
                  | Pan, Slime:5, Hells, Abyss, Orb
     0 | D:1      | 0 ||| PLANNING D:1-11
    37 | D:1      | Reached skill level 2 in Axes
   104 | D:1      | Reached XP level 2. HP: 19/19 MP: 2/2
   309 | D:1      | Found a faded altar of an unknown god.
   416 | D:1      | 416 ||| DROPPING +0 club.
   440 | D:1      | Reached skill level 3 in Axes
   577 | D:1      | Reached XP level 3. HP: 23/23 MP: 3/3
   579 | D:1      | 579 ||| Stepping ~*~*~tactically~*~*~ (stealth).
   732 | D:1      | 732 ||| UPGRADING to +1 pair of gloves.
   737 | D:1      | 737 ||| DROPPING +1 leather armour of positive energy.
   738 | D:1      | 738 ||| READING scroll labelled GUTZEA MOZYZ.
   739 | D:1      | 739 ||| READING scroll labelled XUTHRA QA ZOUM.
   861 | D:2      | 861 ||| Stepping ~*~*~tactically~*~*~ (hiding).
   867 | D:2      | 867 ||| Stepping ~*~*~tactically~*~*~ (hiding).
   969 | D:2      | 969 ||| Stepping ~*~*~tactically~*~*~ (stealth).
  1013 | D:2      | Reached XP level 4. HP: 27/28 MP: 4/4
  1036 | D:2      | Reached skill level 4 in Axes
  1040 | D:2      | 1040 ||| DROPPING +0 whip.
  1214 | D:2      | 1214 ||| Stepping ~*~*~tactically~*~*~ (stealth).
  1467 | D:2      | 1467 ||| Stepping ~*~*~tactically~*~*~ (stealth).
  1506 | D:2      | 1506 ||| Stepping ~*~*~tactically~*~*~ (stealth).
  1537 | D:2      | 1537 ||| READING scroll labelled WUAV PEK DUH.
  1538 | D:2      | 1538 ||| READING scroll labelled LUGRAULUST.
  1539 | D:2      | 1539 ||| READING scroll labelled PIUTYV ODGHU.
  1540 | D:2      | 1540 ||| READING scroll labelled REPSEZICIM.
  1541 | D:2      | 1541 ||| READING scroll labelled BONUKHL NOUMIL.
  1542 | D:2      | 1542 ||| READING 6 scrolls of identify.
  1542 | D:2      | 1542 ||| IDENTIFYING puce potion
  1543 | D:2      | 1543 ||| READING 5 scrolls of identify.
  1543 | D:2      | 1543 ||| IDENTIFYING viscous green potion
  1544 | D:2      | 1544 ||| READING 4 scrolls of identify.
  1544 | D:2      | 1544 ||| IDENTIFYING clear potion
  1545 | D:2      | 1545 ||| READING 3 scrolls of identify.
  1545 | D:2      | 1545 ||| IDENTIFYING sedimented blue potion
  1546 | D:2      | 1546 ||| READING 2 scrolls of identify.
  1546 | D:2      | 1546 ||| IDENTIFYING white potion
  1547 | D:2      | 1547 ||| DROPPING potion of brilliance.
  1548 | D:2      | 1548 ||| DROPPING potion of degeneration.
  1549 | D:2      | 1549 ||| DROPPING potion of flight.
  1597 | D:3      | 1597 ||| STAIRDANCE
  1603 | D:3      | 1603 ||| STAIRDANCE
  1613 | D:3      | Reached XP level 5. HP: 32/32 MP: 5/5
  1834 | D:3      | Identified the +1 robe of Death Resistance {Str+5}
  1885 | D:3      | Noticed a black bear
  1891 | D:3      | Killed a black bear
  1980 | D:3      | Noticed Robin
  1991 | D:3      | Killed Robin
  1992 | D:3      | Reached XP level 6. HP: 13/37 MP: 6/6
  2393 | D:3      | 2393 ||| UPGRADING to +0 cloak.
  2398 | D:3      | 2398 ||| UPGRADING to +0 helmet.
  2403 | D:3      | 2403 ||| READING 2 scrolls labelled HAIZ GOSOMEEP.
  2403 | D:3      | Identified 2 scrolls of acquirement
  2403 | D:3      | 2403 ||| ACQUIRING +5 plate armour "Yppoacudi" {-Tele rC+++
                  | Regen+ Str-5}
  2403 | D:3      | Acquired the +5 plate armour "Yppoacudi" {-Tele rC+++
                  | Regen+ Str-5}
  2405 | D:3      | 2405 ||| READING scroll of acquirement.
  2405 | D:3      | 2405 ||| ACQUIRING 513 gold pieces
  2405 | D:3      | Acquired 513 gold pieces
  2474 | D:4      | 2474 ||| Stepping ~*~*~tactically~*~*~ (stealth).
  2481 | D:4      | Reached skill level 5 in Axes
  2637 | D:4      | 2637 ||| DROPPING +2 whip of venom.
  2852 | D:4      | Reached skill level 1 in Dodging
  3049 | D:4      | 3049 ||| READING scroll labelled ZOSOOS FATY.
  3050 | D:4      | 3050 ||| READING scroll labelled URIETT OCUPA.
  3053 | D:5      | Entered Level 5 of the Dungeon
  3072 | D:5      | Reached XP level 7. HP: 17/43 MP: 7/7
  3095 | D:5      | HP: 7/43 [dart slug/slug dart (4)]
  3106 | D:5      | HP: 9/43 [dart slug/slug dart (1)]
  3138 | D:5      | Reached skill level 6 in Axes
  3148 | D:5      | HP: 5/43 [gnoll/+0 halberd (8)]
  3149 | D:5      | 3149 ||| Stepping ~*~*~tactically~*~*~ (water).
  3154 | D:5      | Slain by an orc

Levels and vault maps discovered:
D:1:      beargit_arrival_greenhouse, layout_basic,
          ebering_ecumenical_altar_webs
D:2:      layout_basic, minmay_joined_circles
D:3:      layout_loops_ring, uniq_robin
D:4:      layout_cave_pools
D:5:      kennysheep_slugbush, layout_basic, mainiacjoe_overflow_alcove_4,
          mainiacjoe_overflow_big_doors, uniq_edmund

Skill      XL: |  1  2  3  4  5  6  7 |
---------------+----------------------+-----
Axes           | 2 3 4 5 6 |  6.1
Throwing       | 2 |  2.4
Fighting       | 4 |  4.2
Dodging        | 1 |  1.0
Armour         | |  3.2
Shields        | |  3.2

Action                   |  1- 3 |  4- 6 |  7- 9 || total
-------------------------+-------+-------+-------++-------
Melee: War axe           |    93 |   155 |    33 ||   281
Throw: Javelin           |       |    25 |       ||    25
       Boomerang         |       |     3 |       ||     3
  Use: Scroll            |     2 |    14 |       ||    16
Armor: Scale mail        |    56 |    75 |    47 ||   178
Dodge: Dodged            |    47 |    80 |    39 ||   166
Block: Buckler           |    14 |    25 |    10 ||    49

Table legend:
 A = Non-vault XP
 B = Vault XP
 C = Vault XP percentage of total XP
 D = Non-vault monster count
 E = Vault monster count
 F = Vault count percentage of total count
                 A         B        C        D         E       F
            +---------+---------+-------+---------+---------+-------
      Total |     742 |      93 |  11.1 |      87 |      29 |  25.0
            +---------+---------+-------+---------+---------+-------
        D:1 |      45 |       0 |   0.0 |      25 |       0 |   0.0
        D:2 |      72 |      43 |  37.4 |      23 |      13 |  36.1
        D:3 |     154 |      36 |  18.9 |       8 |      12 |  60.0
        D:4 |     179 |       0 |   0.0 |      22 |       0 |   0.0
        D:5 |     292 |      14 |   4.6 |       9 |       4 |  30.8
            +---------+---------+-------+---------+---------+-------
